 Dungeon Crawl Stone Soup version 0.25.1-2-g60ff931df9 (webtiles) character file.

Game seed: 225547057905069378

35 Delamore the Skirmisher (level 3, -1/24 HPs)
             Began as a Gargoyle Fighter on Sept 24, 2020.
             Slain by a hobgoblin (4 damage)
             ... on level 2 of the Dungeon.
             The game lasted 00:00:57 (793 turns).

Delamore the Skirmisher (Gargoyle Fighter)           Turns: 793, Time: 00:00:57

Health: -1/24      AC: 10    Str: 20    XL:     3   Next: 35%
Magic:  3/3        EV:  7    Int:  8    God:
Gold:   68         SH:  9    Dex:  9    Spells: 2/2 levels left

rFire    . . .     SeeInvis .   a - +0 flail
rCold    . . .     Gourm    .   c - +0 kite shield
rNeg     + . .     Faith    .   b - +0 scale mail
rPois    ∞         Spirit   .   (no helmet)
rElec    +         Reflect  .   (no cloak)
rCorr    .         Harm     .   (no gloves)
MR       .....                  (no boots)
Stlth    ..........             (no amulet)
HPRegen  0.08/turn              (no ring)
MPRegen  0.08/turn              (no ring)

@: flying
A: negative energy resistance 1, electricity resistance, unbreathing,
petrification resistance, rot immunity, AC +3
a: no special abilities


You were on level 2 of the Dungeon.
You were not hungry.

You visited 1 branch of the dungeon, and saw 2 of its levels.

You collected 68 gold pieces.

Inventory:

Hand Weapons
 a - a +0 flail (weapon)
Missiles
 e - 7 silver javelins (quivered)
Armour
 b - a +0 scale mail (worn)
 c - a +0 kite shield (worn)
Scrolls
 j - 2 scrolls of magic mapping {unknown}
 l - a scroll of identify {unknown}
 m - a scroll of teleportation {unknown}
Potions
 d - a potion of might
Comestibles
 f - 3 rations


   Skills:
 + Level 3.8 Fighting
 + Level 2.6 Maces & Flails
 - Level 3.2 Armour
 + Level 3.8 Shields


You had 2 spell levels left.
You didn't know any spells.
Your spell library was empty.

Dungeon Overview and Level Annotations

Branches:
Dungeon (2/15)

Altars:

Annotations:
D:2 Robin


Innate Abilities, Weirdness & Mutations

You are resistant to torment.
Your stone body is resilient. (AC +3)
You are immune to poison.
You resist negative energy. (rN+)
You are resistant to electric shocks. (rElec)
You can survive without breathing.
You are immune to petrification.
You are immune to rotting.


Message History

The goblin hits you but does no damage. You block the goblin's attack.
It was a potion of flight.
You feel very buoyant.
You fly up into the air.
The hobgoblin barely misses you. The goblin barely misses you.
You block the kobold's attack. You block the hobgoblin's attack.
The goblin hits you but does no damage. The goblin barely misses you.
The goblin hits you but does no damage. You block the goblin's attack.
It was a potion of curing.
You feel better. You block the hobgoblin's attack.
The kobold completely misses you. The goblin hits you with a +0 club.
* * * LOW HITPOINT WARNING * * *
The hobgoblin hits you.
* * * LOW HITPOINT WARNING * * *
You block the goblin's attack. x2; The goblin closely misses you.
The goblin hits you but does no damage.
As you read the scroll labeled TEGUYSAPTO, it crumbles to dust.
Your brain hurts!
It was a scroll of random uselessness.
The hobgoblin hits you but does no damage.
The kobold hits you but does no damage. The hobgoblin hits you.
You die...

#.............#
#######.#####.#
. ####.# ..
#....#
#.#####.#..##
........(...##
###.#..#.#.....
##ggg......#.#
#g@g#.#.#.#
#gKgg#......
#ggg#b#.#.#..
#.gg.........
.#..#...%.$.
.##......... #
#..# #... #...
..


You could see Robin, 2 hobgoblins, 10 goblins, a bat and a kobold.

Vanquished Creatures
  4 giant cockroaches (D:1)
  A goblin (D:1)
  8 hobgoblins (D:1)
  7 kobolds (D:1)
  8 bats
  A frilled lizard (D:1)
  4 rats (D:1)
33 creatures vanquished.

Notes
Turn   | Place    | Note
-------+----------+-------------------------------------------
     0 | D:1      | Delamore the Gargoyle Fighter began the quest for the Orb.
     0 | D:1      | Reached XP level 1. HP: 14/14 MP: 1/1
    73 | D:1      | Reached XP level 2. HP: 14/19 MP: 2/2
   444 | D:1      | Reached XP level 3. HP: 21/24 MP: 3/3
   779 | D:2      | Noticed Robin
   793 | D:2      | Slain by a hobgoblin

Illustrated notes

Levels and vault maps discovered:
D:1:      shiori_arrival_elements, layout_basic
D:2:      layout_basic, gammafunk_temple_overflow_claw,
          hangedman_decor_riveting, minmay_joined_circles, uniq_robin,
          uniq_natasha, uniq_crazy_yiuf_cottage

Action                   || total
-------------------------++-------
Melee: Flail             ||   121
  Use: Potion            ||     2
       Scroll            ||     1
Armor: Scale mail        ||   149
Dodge: Dodged            ||    76
Block: Kite shield       ||   103
